 Seeded DCSS version 0.30-a0-576-g89cddaab80 (webtiles) character file.

Game seed: 5985692054690180764 (custom seed)

10518 billz999 the Skirmisher (level 11, -2/81 HPs)
             Began as a Djinni Ice Elementalist on Dec 30, 2022.
             Was an Elder of Makhleb.
             Slain by a vampire (12 damage)
             ... on level 10 of the Dungeon.
             The game lasted 00:23:16 (9234 turns).

billz999 the Skirmisher (Djinni Ice Elementalist)   Turns: 9234, Time: 00:23:17

Health: -2/81      AC:  4    Str:  7    XL:     11   Next: 94%
Gold:   478        EV: 10    Int: 26    God:    Makhleb [****..] SH: 13 Dex: 13

rFire   + + +      SeeInvis .    w - +8 hand crossbow of Gozag's Respect {penet, rF++ Int+4}
rCold   + + +      Faith    +    j - +2 shield of Resistance {rF++ rC++ Will++}
rNeg    . . .      Spirit   .    I - +1 leather armour of Absence {Rampage rElec rF+ rC+}
rPois   ∞          Reflect  .    (no helmet)
rElec   +          Harm     .    e - scarf {rC+ rF+}
rCorr   .          Rampage  +    (no gloves)
Will    +++..                    (boots unavailable)
Stlth   ++                       s - amulet of faith
HPRegen 0.33/turn                q - ring of wizardry
MPRegen 0.00/turn                (no ring)

@: about to teleport, flying
A: sickness immunity, fire resistance 2, cold vulnerability 1, float, innate
caster, HP casting, extra vitality 1
a: Renounce Religion, Minor Destruction, Lesser Servant of Makhleb, Major
Destruction


You were on level 10 of the Dungeon.
You worshipped Makhleb.
Makhleb was greatly pleased with you.
You visited 2 branches of the dungeon, and saw 11 of its levels.

You collected 621 gold pieces.
You spent 143 gold pieces at shops.

Inventory:

Hand Weapons
 i - a +2 longbow of freezing
 r - the +5 sling of Cuhaotef {flame, Will+ Int+4 Dex-3}
   (You bought it in a shop on level 4 of the Dungeon)

   Any ammunition fired from it burns those it strikes, dealing additional fire
   damage.
   Int:       It affects your intelligence (+4).
   Dex:       It affects your dexterity (-3).
   Will:      It increases your willpower.
 v - the +10 short sword of Courage {freeze, rCorr Str+2}
   (You found it on level 5 of the Dungeon)

   It freezes those it strikes, dealing additional cold damage.
   It can also slow down cold-blooded creatures.
   Str:       It affects your strength (+2).
   rCorr:     It protects you from acid and corrosion.
 w - the +8 hand crossbow of Gozag's Respect (weapon) {penet, rF++ Int+4}
   (You acquired it on level 7 of the Dungeon)

   Any ammunition fired by it passes through the targets it hits, potentially
   hitting all targets in its path until it reaches maximum range.
   Int:       It affects your intelligence (+4).
   rF:        It greatly protects you from fire.
 N - a +0 triple crossbow
Missiles
 H - 2 throwing nets
Armour
 a - a +1 robe
 e - a scarf of resistance (worn)
 j - the +2 shield of Resistance (worn) {rF++ rC++ Will++}
   (You acquired it on level 2 of the Dungeon)

   rF:        It greatly protects you from fire.
   rC:        It greatly protects you from cold.
   Will:      It greatly increases your willpower.
 I - the +1 leather armour of Absence (worn) {Rampage rElec rF+ rC+}
   (You found it on level 8 of the Dungeon)

   rF:        It protects you from fire.
   rC:        It protects you from cold.
   rElec:     It insulates you from electricity.
   Rampage:   It bestows one free step when moving towards enemies.
Jewellery
 d - an amulet of the acrobat
 q - a ring of wizardry (left hand)
 s - an amulet of faith (around neck)
Wands
 m - a wand of iceblast (5)
 F - a wand of acid (7)
 G - a wand of flame (21)
 L - a wand of mindburst (2)
 M - a wand of paralysis (5)
Scrolls
 f - 2 scrolls of noise
 k - 2 scrolls of poison
 t - a scroll of teleportation
 y - 2 scrolls of identify
 z - a scroll of silence
 B - a scroll of enchant weapon
 C - 2 scrolls of torment
 D - a scroll of enchant armour
Potions
 b - 2 potions of magic
 c - 5 potions of resistance
 g - 3 potions of attraction {unknown}
 h - 3 potions of curing
 n - a potion of might
 o - a potion of ambrosia
 p - 2 potions of berserk rage
 u - 2 potions of degeneration {unknown}
 x - 2 potions of brilliance {unknown}
 A - a potion of mutation {unknown}
 J - a potion of flight {unknown}


   Skills:
 - Level 7.8 Fighting
 * Level 10.4 Ranged Weapons
 - Level 2.1 Dodging
 - Level 1.5 Stealth
 - Level 10.0 Shields
 - Level 4.2 Spellcasting


You couldn't memorise any spells.
You knew the following spells:

 Your Spells              Type           Power      Damage    Failure   Level
a - Freeze                Ice            100%       1d10      1%          1
b - Frozen Ramparts       Ice            54%        1d9       6%          3
c - Ozocubu's Armour      Ice            27%        N/A       6%          3
d - Summon Ice Beast      Ice/Summ       27%        N/A       19%         4
e - Magic Dart            Conj           100%       1d8       1%          1
f - Call Imp              Summ           27%        N/A       2%          2
g - Kindle Blastsparks    Fire/Tloc/Air  54%        2d14      6%          3
h - Tukima's Dance        Hex            27%        N/A       6%          3
i - Ice Form              Ice/Tmut       27%        N/A       19%         4
Your spell library was empty.

Dungeon Overview and Level Annotations

Branches:
Dungeon (10/15)            Temple (1/1) D:4            Lair (0/5) D:8
    Orc: D:9-12

Altars:
Ashenzari
Cheibriados
Dithmenos
Elyvilon
Fedhas
Gozag
Hepliaklqana
Makhleb
Nemelex Xobeh
Okawaru
Qazlal
Ru
Trog
Uskayaw
Wu Jian
Xom
Yredelemnul
Zin
The Shining One

Shops:
D:1 [   D:2 ![[*[   D:4 (

Annotations:
D:3 2 runed translucent doors, Encipher's ghost, amateur DjDe
D:4 2 transporters


Innate Abilities, Weirdness & Mutations

You are immune to sickness and miasma.
You are immune to poison.
Your flesh is very heat resistant. (rF++)
You are vulnerable to cold. (rC-)
You float through the air rather than walking.
You learn spells naturally, not from books.
Your magical power is your life essence.
You have superior vitality. (+4 MHP)


Message History

Fire: w) +8 hand crossbow of Gozag's Respect {penet, rF++ Int+4}
Press: ? - help, Shift-Dir - straight line, f/p - two-headed ogre
Aim: a two-headed ogre, wielding a +0 giant spiked club and a +0 giant club (almost dead, 83% to hit)
You shoot a bolt.
The bolt pierces through the two-headed ogre but does no damage.
The two-headed ogre is almost dead.
The wall freezes the two-headed ogre.
The wall freezes something but does no damage.
Something hits you! Something bites you!
The wall freezes something but does no damage.
You block something's attack. Something bites you but does no damage.
The wall freezes the yak.
The wall freezes the two-headed ogre!
You kill the two-headed ogre!
Makhleb accepts your kill.
You shoot a bolt. The bolt pierces through the yak!
The yak is moderately wounded.
The wall freezes something.
Something hits you. Something bites you!
The wall freezes the yak!
You block the yak's attack.
The wall freezes something but does no damage.
You block something's attack. Something bites you.
The wall freezes the yak.
The yak gores you.
* * * LOW HITPOINT WARNING * * *
You are too injured to fight recklessly!
You shoot a bolt. The bolt pierces through the yak!!
You kill the yak!
Makhleb accepts your kill.
The frozen ramparts melt away.
Something hits you but does no damage. You block something's attack.
You start resting.
Something hits you!
* * * LOW HITPOINT WARNING * * *
Something bites you.
* * * LOW HITPOINT WARNING * * *
Okay, then.
Okay, then.
Okay, then.
As you read the scroll of teleportation, it crumbles to dust.
You feel strangely unstable. Something hits you.
* * * LOW HITPOINT WARNING * * *
Something bites you!
You die...

#.°.#○...#...............#
#.... #..
#....#.####.....####.####+##.
#.. #O)..#.#[o##...##
#......... #.
#.##.#.#Y..##.## #.........
#. #.##.#.##...#.#
##......... #.##.#..##.'#.#+
##.........#
#........###...###..........#
#####........8..............#
#........###@..###...####'###
#####...##)†#.#+ ##..# #.#
#.^#..##...#.# ##.# #.#
#.....#...##.## #.# #.###
##.##.#!.##...## #.# #....
#.##.####.....### .# ###..
#)##.............. #..
#.#########.###### ###.. #.#
..# +.'..


There were no monsters in sight!

Vanquished Creatures
  3 two-headed ogres
  Pikel (D:9)
  A komodo dragon (D:8)
  A troll (D:9)
  7 yaks
  A vampire (D:10)
  5 steam dragons
  3 water moccasins
  2 sky beasts
  2 black bears
  2 ice beasts
  A boggart (D:10)
  2 ogres
  7 centaurs
  A lemure (D:9)
  2 phantoms
  2 kobold brigands
  4 bullfrogs
  A necrophage (D:5)
  A gnoll sergeant (D:9)
  4 scorpions
  8 wights
  19 killer bees
  2 howler monkeys
  8 jellies
  3 orc priests
  8 hounds
  A gnoll bouda (D:8)
  5 iguanas
  An orc wizard (D:7)
  5 adders
  7 gnolls
  A shadow imp (D:8)
  4 white imps
  An ufetubus (D:4)
  3 worms
  A dart slug (D:1)
  8 orcs
  9 endoplasms
  2 giant cockroaches
  4 hobgoblins
  4 jackals (D:1)
  14 kobolds
  6 quokkas
  4 ball pythons
  6 bats
  2 frilled lizards (D:3)
  7 goblins
  6 rats
202 creatures vanquished.

Vanquished Creatures (collateral kills)
  A two-headed ogre (D:8)
  A slime creature (D:6)
  Edmund (D:4)
  An orc warrior (D:10)
  A bullfrog (D:8)
  3 jellies (D:6)
  An iguana (D:6)
  9 endoplasms (D:6)
18 creatures vanquished.

Vanquished Creatures (others)
  6 fungi (D:6)
  4 plants
10 creatures vanquished.

Grand Total: 230 creatures vanquished

Notes
Turn   | Place    | Note
-------+----------+-------------------------------------------
     0 | D:1      | billz999 the Djinni Ice Elementalist began the quest for
                  | the Orb.
     0 | D:1      | billz999 set off with the following spells memorised:
                  | Freeze, Frozen Ramparts, Ozocubu's Armour, Summon Ice
                  | Beast.
     0 | D:1      | Reached XP level 1. HP: 15/15 MP: 0/0
     2 | D:1      | Found Uxzetoer's Armour Shoppe.
   104 | D:1      | Reached XP level 2. HP: 18/21 MP: 0/0
   384 | D:1      | Reached XP level 3. HP: 24/25 MP: 0/0
   384 | D:1      | Learned a level 1 spell: Magic Dart
   770 | D:2      | Found Mine Poi's Armour Emporium.
   848 | D:2      | Found Pureaz's Distillery.
   868 | D:2      | Reached XP level 4. HP: 29/31 MP: 0/0
  1097 | D:2      | Found Xoxuuzaf's Armour Boutique.
  1098 | D:2      | Identified 2 scrolls of acquirement
  1098 | D:2      | Acquired the +2 shield of Resistance {rF++ rC++ Will++}
  1098 | D:2      | Found the +2 shield of Resistance {rF++ rC++ Will++}
  1099 | D:2      | Acquired a +2 longbow of freezing
  1395 | D:2      | Found Cuipny's Antique Armour Shoppe.
  1489 | D:2      | Found Viamof's Assorted Antiques.
  1588 | D:3      | Found a runed translucent door.
  1591 | D:3      | Noticed Encipher's ghost (amateur DjDe)
  1694 | D:3      | Reached skill level 1 in Ranged Weapons
  1803 | D:3      | Found a runed translucent door.
  2022 | D:4      | Found Yfergh's Antique Weapon Emporium.
  2029 | D:4      | Reached skill level 1 in Fighting
  2029 | D:4      | Reached XP level 5. HP: 16/37 MP: 0/0
  2029 | D:4      | Learned a level 2 spell: Call Imp
  2115 | D:4      | Bought an ichor-stained sling for 143 gold pieces
  2115 | D:4      | Identified the +5 sling of Cuhaotef {flame, Will+ Int+4
                  | Dex-3} (You bought it in a shop on level 4 of the Dungeon)
  2196 | D:4      | Noticed a black bear
  2201 | D:4      | Killed a black bear
  2202 | D:4      | Reached XP level 6. HP: 41/43 MP: 0/0
  2291 | D:4      | Found a transporter.
  2296 | D:4      | Noticed a fire bat
  2300 | D:4      | Noticed Edmund
  2311 | D:4      | Killed Edmund
  2312 | D:4      | Reached XP level 7. HP: 22/50 MP: 0/0
  2312 | D:4      | Learned a level 3 spell: Kindle Blastsparks
  2595 | D:4      | Found a transporter.
  2637 | D:4      | Found a staircase to the Ecumenical Temple.
  2646 | Temple   | Entered the Ecumenical Temple
  2651 | Temple   | Became a worshipper of Makhleb the Destroyer
  2869 | D:5      | Entered Level 5 of the Dungeon
  2919 | D:5      | Identified the +10 short sword of Courage {freeze, rCorr
                  | Str+2}
  2966 | D:5      | Noticed a +0 dagger
  2967 | D:5      | Noticed a +0 spear
  2968 | D:5      | Noticed a +0 falchion
  2968 | D:5      | Noticed a +0 falchion
  2968 | D:5      | Noticed a +0 spear
  3149 | D:5      | Noticed a water moccasin
  3155 | D:5      | Killed a water moccasin
  3156 | D:5      | Reached skill level 1 in Shields
  3223 | D:5      | Reached XP level 8. HP: 53/58 MP: 0/0
  3573 | D:5      | Reached skill level 5 in Ranged Weapons
  3903 | D:5      | Noticed a +0 short sword
  3903 | D:5      | Noticed a +0 dagger
  3903 | D:5      | Noticed a +0 short sword
  3915 | D:5      | Found a hide-covered altar of Uskayaw.
  4372 | D:6      | Reached XP level 9. HP: 51/63 MP: 0/0
  4372 | D:6      | Learned a level 3 spell: Tukima's Dance
  4416 | D:6      | Found a sacrificial altar of Ru.
  4489 | D:6      | Reached * piety under Makhleb
  4544 | D:6      | Reached skill level 5 in Fighting
  4645 | D:6      | Noticed a two-headed ogre
  4654 | D:6      | Killed a two-headed ogre
  4655 | D:6      | Reached skill level 5 in Shields
  4981 | D:6      | Noticed a slime creature
  4994 | D:6      | Killed a slime creature
  5156 | D:6      | Reached ** piety under Makhleb
  5194 | D:6      | Reached XP level 10. HP: 56/72 MP: 0/0
  5863 | D:7      | Found a snail-covered altar of Cheibriados.
  6031 | D:7      | Acquired the +8 hand crossbow of Gozag's Respect {penet,
                  | rF++ Int+4}
  6533 | D:8      | Noticed a two-headed ogre
  6540 | D:8      | Killed a two-headed ogre
  6668 | D:8      | Found a staircase to the Lair.
  6669 | D:8      | Noticed a komodo dragon
  6687 | D:8      | Killed a komodo dragon
  7080 | D:8      | Reached XP level 11. HP: 63/79 MP: 0/0
  7080 | D:8      | Learned a level 4 spell: Ice Form
  7139 | D:8      | Identified the +1 leather armour of Absence {Rampage rElec
                  | rF+ rC+}
  7510 | D:9      | Noticed Pikel
  7517 | D:9      | Killed Pikel
  7519 | D:9      | Reached *** piety under Makhleb
  8398 | D:9      | Found a glowing silver altar of Zin.
  8406 | D:9      | Found a basalt altar of Yredelemnul.
  8437 | D:10     | Entered Level 10 of the Dungeon
  8570 | D:10     | Reached **** piety under Makhleb
  8594 | D:10     | Noticed a boulder beetle
  8779 | D:10     | Reached skill level 10 in Shields
  9012 | D:10     | Noticed a two-headed ogre
  9034 | D:10     | Killed a two-headed ogre
  9035 | D:10     | Reached skill level 10 in Ranged Weapons
  9225 | D:10     | Noticed a two-headed ogre
  9230 | D:10     | Killed a two-headed ogre
  9234 | D:10     | Slain by a vampire

Illustrated notes

Levels and vault maps discovered:
D:1:      tarquinn_simple_flora_water_e, layout_rooms, serial_shops, shop,
          serial_forest, infiniplex_forest_lined_2,
          infiniplex_forest_lined_room_, infiniplex_forest_lined_2,
          infiniplex_forest_lined_corner, infiniplex_forest_lined_1,
          infiniplex_forest_clump_double, infiniplex_forest_straight_1,
          infiniplex_forest_clump_diagonal, infiniplex_forest_end_1
D:2:      layout_loops_ring, serial_shops, shop, nicolae_shop_statue_plus, shop,
          nicolae_shop_behind_doors, shop, serial_aquarium,
          aquarium_bridge_straight [aquarium_subvault_bridge,
          aquarium_subvault_wall, aquarium_subvault_bridge,
          aquarium_subvault_balcony], aquarium_bridge_square
          [aquarium_subvault_bridge, aquarium_subvault_bridge,
          aquarium_subvault_balcony, aquarium_subvault_window],
          aquarium_window_double, aquarium_window_2, aquarium_window_corridor_1,
          aquarium_view_2f, aquarium_view_2c, aquarium_balcony_3b
D:3:      layout_rooms, ebering_ghost_sewer_f, minmay_liquid_box
D:4:      gammafunk_cloud_chamber, layout_basic, temple_hall, serial_shops,
          shop, hangedman_decor_riveting, uniq_edmund
D:5:      layout_loops_corners, nicolae_uskayaw_en_pointe, serial_bayou_ford_a,
          st_stairs_7, chequers_serial_rivers_small_b, kennysheep_windowed_goal
D:6:      lemuel_slime, layout_basic, lemuel_tele_altar
D:7:      layout_basic, nicolae_sif_muna_condensation, amcnicky_altar_gilded
D:8:      layout_basic, mainiacjoe_overflow_small_starburst, david_lair_shrubbed
D:9:      layout_loops_ring, amethyst_overflow_temple_binary, enter_bailey_3,
          uniq_pikel
D:10:     cheibrodos_barr_body, layout_basic,
          nicolae_concentric_dashed_squares_wild, nzn_sisyphean_effort
Temple:   minmay_freezing_vapour_temple

Skill      XL: |  1  2  3  4  5  6  7  8  9 10 11 |
---------------+----------------------------------+-----
Spellcasting   | 4 |  4.2
Ranged Weapons | 1 2 3 4 5 7 8 10 | 10.4
Fighting       | 1 2 3 4 6 7 |  7.8
Shields        | 1 4 6 8 10 | 10.0
Dodging        | |  2.1
Stealth        | |  1.5

Action                   |  1- 3 |  4- 6 |  7- 9 | 10-12 || total
-------------------------+-------+-------+-------+-------++-------
Melee: Unarmed           |     1 |       |       |       ||     1
       Short sword       |       |       |       |     1 ||     1
 Fire: Longbow           |       |    36 |       |       ||    36
       Sling             |       |    25 |   103 |    36 ||   164
       Hand crossbow     |       |       |       |   152 ||   152
 Cast: Freeze            |    55 |     3 |    16 |    24 ||    98
       Frozen Ramparts   |       |     4 |    19 |    27 ||    50
       Ozocubu's Armour  |       |     1 |       |     1 ||     2
       Call Imp          |       |     1 |       |       ||     1
       Kindle Blastspark |       |       |     6 |    21 ||    27
       Summon Ice Beast  |       |       |     3 |     3 ||     6
       Tukima's Dance    |       |       |     2 |     4 ||     6
Evoke: Wand              |       |     1 |     2 |     7 ||    10
  Use: Scroll            |     1 |     3 |     5 |    14 ||    23
       Potion            |       |       |       |     1 ||     1
Armor: Robe              |     7 |     5 |     6 |     2 ||    20
       Leather armour    |       |       |       |    15 ||    15
Dodge: Dodged            |    34 |    15 |    26 |    49 ||   124
Block: Kite shield       |       |     1 |    35 |    90 ||   126

Table legend: (Time is in decaauts)
 A = Elapsed time spent in this place.
 B = Non-inter-level travel time spent in this place.
 C = Inter-level travel time spent in this place.
 D = Time resting spent in this place.
 E = Time spent auto-exploring this place.
 F = Levels seen in this place.
 G = Mean time per level.
                   A        B        C        D        E       F      G
               +--------+--------+--------+--------+--------+-----+--------+
         Total |   9397 |   9071 |    326 |    402 |   7322 |  11 |  854.3 |
       Dungeon |   9386 |   9068 |    318 |    402 |   7322 |  10 |  938.6 |
        Temple |     10 |      2 |      8 |      0 |      0 |   1 |   10.0 |
               +--------+--------+--------+--------+--------+-----+--------+

Top non-repeatable levels by time:
     D:6: 1351 daAuts
     D:5: 1296 daAuts
     D:9: 1123 daAuts
     D:7: 1051 daAuts
     D:4: 863 daAuts
     D:8: 842 daAuts
     D:2: 840 daAuts
    D:10: 825 daAuts
     D:1: 689 daAuts
     D:3: 502 daAuts
  Temple: 10 daAuts
